 Dungeon Crawl Stone Soup version 0.20-a0-269-g17f5411 (webtiles) character file.

31 Herrn the Chopper (level 3, 0/33 HPs)
             Began as a Minotaur Monk on Dec 9, 2016.
             Slain by Crazy Yiuf
             ... wielding a +3 quarterstaff of chaos
              (3 damage)
             ... on level 3 of the Dungeon.
             The game lasted 00:02:35 (1768 turns).

Herrn the Chopper (Minotaur Monk)                   Turns: 1768, Time: 00:02:35

Health: 0/33       AC:  5    Str: 15    XL:     3   Next: 7%
Magic:  1/2        EV:  7    Int:  8    God:
Gold:   61         SH: 10    Dex: 12    Spells: 2/2 levels left

rFire  . . .     SeeInvis .     a - +0 hand axe
rCold  . . .     Gourm    .     l - +0 ring mail
rNeg   . . .     Faith    .     f - +0 large shield
rPois  .         Spirit   .     (helmet restricted)
rElec  .         Reflect  .     (no cloak)
rCorr  .         Harm     +     (no gloves)
MR     .....                    (no boots)
Stlth  +.........               s - amulet of harm
                                r - ring of stealth
                                m - ring of loudness (curse)

@: lethally poisoned (0 -> -4)
A: retaliatory headbutt, horns 2
a: no special abilities


You were on level 3 of the Dungeon.
You were near starving.

You visited 1 branch of the dungeon, and saw 3 of its levels.

You collected 61 gold pieces.

Inventory:

Hand Weapons
 a - a +0 hand axe (weapon)
Armour
 b - a +0 robe
 f - a +0 large shield (worn)
 l - a +0 ring mail (worn)
Jewellery
 m - a cursed ring of loudness (left hand)
 r - a ring of stealth (right hand)
 s - an amulet of harm (around neck)
Scrolls
 d - 4 scrolls of teleportation {unknown}
 e - a scroll of recharging {unknown}
 g - a scroll of magic mapping {unknown}
 h - 3 scrolls of enchant weapon {unknown}
 i - a scroll of random uselessness {unknown}
 j - 5 scrolls of remove curse {unknown}
 o - a scroll of identify {unknown}
Potions
 n - a potion of cancellation {unknown}
 q - a potion of might {unknown}
Books
 p - a book of Misfortune

   Spells                             Type                      Level
   a - Confusing Touch                Hexes                        1
   b - Confuse                        Hexes                        3
   c - Gell's Gravitas                Hexes/Translocation          3
   d - Petrify                        Transmutation/Earth          4
   e - Metabolic Englaciation         Hexes/Ice                    5
   f - Yara's Violent Unravelling     Hexes/Transmutation          5
Comestibles
 c - 3 bread rations
 k - a meat ration


   Skills:
 + Level 4.1 Fighting
 + Level 4.1 Axes
 + Level 0.5 Armour
 + Level 3.7 Dodging
 - Level 1.5 Stealth
 + Level 0.2 Shields


You had 2 spell levels left.
You didn't know any spells.

Dungeon Overview and Level Annotations

Branches:
Dungeon (3/15)

Altars:
Dithmenos

Annotations:
D:3 Crazy Yiuf


Innate Abilities, Weirdness & Mutations

You reflexively headbutt those who attack you in melee.
You have a pair of horns on your head.


Message History

You feel sick.
Crazy Yiuf hits you with a quarterstaff of chaos.
Crazy Yiuf burns you.
You hit Crazy Yiuf.
Crazy Yiuf is moderately wounded.
You feel sick.
Crazy Yiuf hits you with a quarterstaff of chaos.
You feel your power leaking away.
Your shield and ring mail prevent you from hitting Crazy Yiuf.
You headbutt Crazy Yiuf.
Crazy Yiuf is heavily wounded.
You feel sick. Crazy Yiuf barely misses you. You furiously retaliate!
You headbutt Crazy Yiuf, but do no damage.
Crazy Yiuf barely misses you.
You closely miss Crazy Yiuf.
Crazy Yiuf is heavily wounded.
Crazy Yiuf hits you with a quarterstaff of chaos!
* * * LOW HITPOINT WARNING * * *
Crazy Yiuf freezes you.
You die...

#...####...# ##.###
#(## #..........#
#....# #.#
####..#####..#
#....# #.#
#..<.....#####
###### #.#
...####.### #.#
#.......# #.#
.######## ####
###### #.# #).)###
##....###.#
#.)g@)####......##.#
#)..##..#).........#
#### ###.#....####.#
######## #.# #.#
###.# #...# #.###
#.#


You could see Crazy Yiuf.

Vanquished Creatures
  2 bats (D:1)
  A giant cockroach (D:2)
  5 goblins
  3 hobgoblins
  A quokka (D:2)
  5 frilled lizards
  8 kobolds
  4 rats
29 creatures vanquished.

Notes
Turn   | Place    | Note
-------+----------+-------------------------------------------
     0 | D:1      | Herrn the Minotaur Monk began the quest for the Orb.
     0 | D:1      | Reached XP level 1. HP: 19/19 MP: 0/0
   222 | D:1      | Reached XP level 2. HP: 26/27 MP: 1/1
  1290 | D:2      | Reached XP level 3. HP: 33/33 MP: 2/2
  1512 | D:3      | Found a shadowy altar of Dithmenos.
  1701 | D:3      | Found a runed door.
  1761 | D:3      | Noticed Crazy Yiuf
  1768 | D:3      | Slain by Crazy Yiuf

Vault maps used:
D:1:      dpeg_arrival_solitude, serial_glass, glass_columns_a, glass_columns_c,
          glass_columns_b, glass_columns_c, glass_columns_a, glass_columns_a,
          glass_columns_c, glass_columns_b, glass_columns_a, glass_columns_c,
          item_on_display_a, due_unseen_surprise, item_on_display_b,
          item_on_display_a, minmay_crystal_room
D:2:      serial_glass, glass_columns_a, glass_columns_a, minivault_23,
          due_unseen_surprise
D:3:      lemuel_upstairs_altar, lemuel_crystal_altar, first_bread,
          patterned_corridor, uniq_crazy_yiuf_cottage

Skill      XL: |  1  2 |
---------------+-------+-----
Axes           | 4 |  4.1
Fighting       | 4 |  4.1
Armour         | |  0.5
Dodging        | |  3.7
Stealth        | |  1.5
Shields        | |  0.2

Action                   || total
-------------------------++-------
Melee: Hand axe          ||    71
       Headbutt          ||    12
  Eat: Chunk             ||     1
Armor: Robe              ||     4
       Ring mail         ||    14
Dodge: Dodged            ||    11
Block: Large shield      ||    46
